 Dungeon Crawl Stone Soup version 0.29-a0-821-g66395355a5 (webtiles) character file.

Game seed: 6945412231268028319

3994 porpoise the Spear-Bearer (level 10, -1/74 (79) HPs)
             Began as a Merfolk Gladiator on July 8, 2022.
             Was an Initiate of Yredelemnul.
             Asphyxiated
             ... on level 8 of the Dungeon.
             The game lasted 00:33:55 (10167 turns).

porpoise the Spear-Bearer (Merfolk Gladiator)      Turns: 10167, Time: 00:33:56

HP:   -1/74 (79)    AC: 24    Str: 18    XL:     10   Next: 23%
MP:   12/12         EV:  7    Int:  8    God:    Yredelemnul [......]
Gold: 1351          SH:  0    Dex: 19    Spells: 9/9 levels left

rFire   . . .      SeeInvis +   a - +2 trident
rCold   . . .      Faith    .   (no shield)
rNeg    . . .      Spirit   .   r - +7 plate armour of Hoypt {rPois Dex+3}
rPois   +          Reflect  .   E - +1 helmet
rElec   .          Harm     .   s - +0 cloak
rCorr   .          Rampage  .   f - +1 pair of gloves
Will    .....                   (no boots)
Stlth   ..........              (no amulet)
HPRegen 0.22/turn               t - ring of see invisible
MPRegen 0.13/turn               (no ring)

@: drained
A: (nimble swimmer 2), mertail
a: Renounce Religion, Recall Undead Harvest


You were on level 8 of the Dungeon.
You worshipped Yredelemnul.
Yredelemnul was noncommittal.
You visited 2 branches of the dungeon, and saw 9 of its levels.

You collected 1351 gold pieces.

Inventory:

Hand Weapons
 a - a +2 trident (weapon)
 b - a +0 sling
 j - the +10 mace of Causality {distort, Int+6 Stlth+}
   (You took it off a wight on level 8 of the Dungeon)

   It warps and distorts space around it, and may blink, banish, or inflict
   extra damage upon those it strikes.
   Unwielding it can cause banishment or high damage.
   Int:       It affects your intelligence (+6).
   Stlth:     It makes you more stealthy.
 k - a +0 hand axe of draining
 w - a +1 short sword of venom
Missiles
 d - 3 throwing nets (quivered)
 e - a javelin
 h - a curare-tipped dart
 y - 15 boomerangs
 F - 7 poisoned darts
Armour
 f - a +1 pair of gloves (worn)
 r - the +7 plate armour of Hoypt (worn) {rPois Dex+3}
   (You took it off an orc priest on level 7 of the Dungeon)

   Dex:       It affects your dexterity (+3).
   rPois:     It protects you from poison.
 s - a +0 cloak (worn)
 z - a +0 scale mail
 E - a +1 helmet (worn)
Magical Staves
 v - a staff of death
Jewellery
 t - a ring of see invisible (left hand)
 D - a ring of ice
Wands
 l - a wand of roots (11)
 n - a wand of digging (3)
 A - a wand of light (8)
 C - a wand of flame (8)
Scrolls
 c - a scroll of blinking
 m - a scroll of fear {unknown}
 o - 3 scrolls of enchant weapon
 p - a scroll of poison
 x - a scroll of vulnerability
Potions
 g - a potion of lignification
 i - a potion of attraction
 q - a potion of cancellation {unknown}
 u - a potion of might
 B - 4 potions of flight


   Skills:
 - Level 7.0 Fighting
 - Level 2.0 Short Blades
 - Level 14.0 Polearms
 - Level 2.0 Throwing
 * Level 5.0 Armour
 - Level 4.0 Dodging
 + Level 3.8 Invocations


You had 9 spell levels left.
You didn't know any spells.
Your spell library contained the following spells:

 Spells                   Type           Power      Damage    Failure   Level
 Necrotise                Necr           0%         1d4       100%        1
 Sting                    Tmut/Pois      0%         1d3       100%        1
 Blink                    Tloc           0%         N/A       100%        2
 Poisonous Vapours        Pois/Air       0%         N/A       100%        2
 Inner Flame              Hex/Fire       0%         N/A       100%        3
 Lesser Beckoning         Tloc           0%         N/A       100%        3
 Vampiric Draining        Necr           0%         2d6       100%        3
 Cause Fear               Hex            0%         N/A       100%        4
 Olgreb's Toxic Radiance  Pois           0%         N/A       100%        4
 Petrify                  Tmut/Erth      0%         N/A       100%        4
 Agony                    Necr           0%         N/A       100%        5
 Manifold Assault         Tloc           0%         N/A       100%        5
 Metabolic Englaciation   Hex/Ice        0%         N/A       100%        5
 Statue Form              Tmut/Erth      0%         N/A       100%        6
 Discord                  Hex            0%         N/A       100%        8


Dungeon Overview and Level Annotations

Branches:
Dungeon (8/15)             Temple (1/1) D:7
   Lair: D:8-11

Altars:
Ashenzari
Cheibriados
Dithmenos
Elyvilon
Fedhas
Kikubaaqudgha
Makhleb
Nemelex Xobeh
Okawaru
Qazlal
Ru
Sif Muna
Trog
Uskayaw
Vehumet
Wu Jian
Xom
Yredelemnul
Zin
The Shining One


Innate Abilities, Weirdness & Mutations

((You are very nimble when in or above water. (Stealth+, EV+, Speed+++)))
Your lower body shifts to a powerful aquatic tail in water.


Message History

The wyvern bites you but does no damage.
You puncture the wyvern!
You kill the wyvern!
Your Armour skill increases to level 5!
You swap places.
Found 4 gold pieces.
The steam dragon breathes steam at you.
The ball of steam hits your gnoll sergeant zombie!
The ball of steam hits you!
You hear a shout!
You are engulfed in a cloud of scalding steam.
* * * LOW HITPOINT WARNING * * *
Your gnoll sergeant zombie is engulfed in a cloud of scalding steam.
Your gnoll sergeant zombie hits the steam dragon!
The steam dragon bites your gnoll sergeant zombie!
The steam dragon claws your gnoll sergeant zombie.
Things that are here:
a +0 short sword; a +0 spear; a +0 ring mail The steam dragon bites you.
* * * LOW HITPOINT WARNING * * *
The steam dragon claws you.
* * * LOW HITPOINT WARNING * * *
Your gnoll sergeant zombie is engulfed in a cloud of scalding steam.
Your gnoll sergeant zombie is destroyed!
You hit the steam dragon.
The steam dragon is moderately wounded.
You hit the steam dragon but do no damage.
The steam dragon is moderately wounded.
The steam dragon breathes steam at you. The ball of steam hits you!
* * * LOW HITPOINT WARNING * * *
Your orc warrior zombie is engulfed in a cloud of scalding steam.
You hear an angry growl.
A kobold brigand comes into view.
It is wielding a +0 whip and quivering curare-tipped darts.
Found 12 gold pieces.
The kobold brigand shouts!
The kobold brigand throws a curare-tipped dart.
The curare-tipped dart hits you.
You have difficulty breathing.
You die...
Your body rises from the dead as a mindless zombie.

######### ####
$........ #..#
........####..#
.........#§#.####
⌠......DZ§#.#...#
K......@§#)#.##.#
........####..#.#
.....$... #..#.#
## ##########
####.#
.########## #.#
...#......# #.#
.#........# ##.#
...#......# #..#
####......# #.##


You could see a steam dragon (ally target), a kobold brigand and a friendly orc
warrior zombie.

Vanquished Creatures
  Sigmund (D:2)
  A wyvern (D:8)
  4 steam dragons
  Edmund (D:5)
  An ice beast (D:8)
  A black bear (D:5)
  4 orc warriors
  2 sky beasts
  2 ogres
  A kobold brigand (D:6)
  2 bullfrogs
  A gnoll sergeant (D:8)
  3 scorpions
  5 wights
  8 killer bees (D:8)
  3 electric eels
  6 orc priests
  4 hounds
  3 jellies
  Crazy Yiuf (D:3)
  Jessica (D:2)
  3 iguanas
  6 orc wizards
  5 gnolls
  4 adders
  A shadow imp (D:7)
  A white imp (D:7)
  An ufetubus (D:5)
  4 worms
  2 dart slugs
  25 orcs
  4 endoplasms
  3 giant cockroaches
  8 hobgoblins
  4 jackals (D:1)
  10 kobolds
  7 quokkas
  6 ball pythons
  2 bats
  3 frilled lizards
  9 goblins
  6 rats
169 creatures vanquished.

Vanquished Creatures (collateral kills)
  2 killer bees (D:8)
  An orc (D:6)
3 creatures vanquished.

Vanquished Creatures (others)
  5 killer bee zombies (D:8)
  A sky beast zombie (D:8)
  A gnoll zombie (D:8)
  An orc (D:7)
  7 orc zombies
  A fungus (D:3)
16 creatures vanquished.

Grand Total: 188 creatures vanquished

Notes
Turn   | Place    | Note
-------+----------+-------------------------------------------
     0 | D:1      | porpoise the Merfolk Gladiator began the quest for the Orb.
     0 | D:1      | Reached XP level 1. HP: 16/16 MP: 1/1
    27 | D:1      | Reached XP level 2. HP: 23/23 MP: 2/2
   177 | D:1      | Reached skill level 5 in Polearms
   184 | D:1      | Reached XP level 3. HP: 25/28 MP: 3/3
  1274 | D:2      | Reached XP level 4. HP: 30/35 MP: 4/4
  1423 | D:2      | Noticed Jessica
  1438 | D:2      | Killed Jessica
  1439 | D:2      | Reached skill level 6 in Polearms
  1726 | D:2      | Noticed Sigmund
  1744 | D:2      | Killed Sigmund
  1745 | D:2      | Reached skill level 7 in Polearms
  1745 | D:2      | Reached XP level 5. HP: 35/42 MP: 5/5
  1745 | D:2      | Reached XP level 6. HP: 40/48 MP: 6/6
  2010 | D:3      | Reached skill level 8 in Polearms
  2289 | D:3      | Noticed a golden eye
  2296 | D:3      | Found a faded altar of an unknown god.
  2303 | D:3      | Noticed a shining eye
  2303 | D:3      | Noticed a shining eye
  2303 | D:3      | Noticed a floating eye
  2531 | D:3      | Found a stormy altar of Qazlal.
  2677 | D:3      | Found a runed translucent door.
  2678 | D:3      | Noticed Crazy Yiuf
  2691 | D:3      | Killed Crazy Yiuf
  2995 | D:4      | Reached XP level 7. HP: 55/55 MP: 7/7
  3677 | D:5      | Entered Level 5 of the Dungeon
  3802 | D:5      | Reached skill level 5 in Fighting
  3807 | D:5      | Reached skill level 9 in Polearms
  4000 | D:5      | Noticed Edmund
  4028 | D:5      | Killed Edmund
  4554 | D:5      | Reached skill level 10 in Polearms
  4697 | D:5      | Found a white marble altar of Elyvilon.
  4698 | D:5      | Found a shimmering blue altar of Sif Muna.
  4857 | D:5      | Reached XP level 8. HP: 61/64 MP: 8/8
  5175 | D:6      | Reached skill level 11 in Polearms
  5716 | D:6      | Reached skill level 12 in Polearms
  6428 | D:7      | Found a staircase to the Ecumenical Temple.
  6452 | Temple   | Entered the Ecumenical Temple
  6662 | Temple   | Became a worshipper of Yredelemnul the Dark
  6723 | D:7      | Reached skill level 1 in Armour
  6723 | D:7      | Reached XP level 9. HP: 32/72 MP: 9/9
  6745 | D:7      | Identified the +7 plate armour of Hoypt {rPois Dex+3}
  6748 | D:7      | Identified a scroll of acquirement
  6748 | D:7      | Acquired 881 gold pieces
  7349 | D:6      | Reached * piety under Yredelemnul
  7669 | D:6      | Reached skill level 13 in Polearms
  8467 | D:7      | Found an ancient bone altar of Kikubaaqudgha.
  8600 | D:7      | Reached skill level 14 in Polearms
  9281 | D:8      | Reached skill level 1 in Short Blades
  9281 | D:8      | Reached skill level 1 in Invocations
  9525 | D:8      | Identified the +10 mace of Causality {distort, Int+6
                  | Stlth+}
  9538 | D:8      | Reached XP level 10. HP: 79/79 MP: 11/11
 10061 | D:8      | Found a glowing golden altar of the Shining One.
 10161 | D:8      | Reached skill level 5 in Armour
 10167 | D:8      | Asphyxiated

Illustrated notes

Levels and vault maps discovered:
D:1:      scummos_arrival_forest, layout_rooms
D:2:      layout_basic, kennysheep_generic_room_12, uniq_sigmund, uniq_jessica
D:3:      layout_basic, grunt_qazlal_clouds,
          hellmonk_ecumenical_altar_watching_god, uniq_crazy_yiuf_cottage
D:4:      layout_basic, hangedman_decor_peaks_small
D:5:      layout_basic, nicolae_overflow_two_pavilions, uniq_edmund
D:6:      layout_rooms, kennysheep_cluttered_room, minmay_crystal_water,
          hangedman_decor_opposing, hangedman_decor_clover_reticule
D:7:      cheibrodos_helix_gallery, layout_rooms,
          nicolae_kikubaaqudgha_miasma_corner, temple_pool_b, minivault_14,
          minmay_large_rounded_square
D:8:      layout_rooms, tso_metal_star, wad_rectangle_vault
Temple:   bh_familiar_temple

Skill      XL: |  1  2  3  4  5  6  7  8  9 10 |
---------------+-------------------------------+-----
Polearms       | 5 7 8 10 12 14 | 14.0
Fighting       | 3 4 5 7 |  7.0
Armour         | 1 4 5 |  5.0
Short Blades   | 2 |  2.0
Invocations    | 2 3 |  3.8
Throwing       | |  2.0
Dodging        | |  4.0

Action                   |  1- 3 |  4- 6 |  7- 9 | 10-12 || total
-------------------------+-------+-------+-------+-------++-------
Melee: Trident           |   123 |   101 |   410 |    67 ||   701
       Short sword       |       |    15 |    12 |       ||    27
       Punch             |       |     1 |     6 |     2 ||     9
       Hand axe          |       |       |       |    11 ||    11
 Fire: Sling             |    22 |    15 |    44 |     8 ||    89
Throw: Throwing net      |       |     3 |       |       ||     3
Evoke: Wand              |       |       |    11 |       ||    11
  Use: Scroll            |       |       |    14 |     2 ||    16
       Potion            |       |       |     2 |       ||     2
 Stab: Invisible         |       |       |     3 |       ||     3
       Distracted        |       |       |       |     1 ||     1
Armor: Leather armour    |    22 |       |       |       ||    22
       Scale mail        |    12 |    33 |    97 |       ||   142
       Plate armour      |       |       |    52 |    45 ||    97
Dodge: Dodged            |    58 |    38 |   211 |    12 ||   319

Table legend: (Time is in decaauts)
 A = Elapsed time spent in this place.
 B = Non-inter-level travel time spent in this place.
 C = Inter-level travel time spent in this place.
 D = Time resting spent in this place.
 E = Time spent auto-exploring this place.
 F = Levels seen in this place.
 G = Mean time per level.
                   A        B        C        D        E       F      G
               +--------+--------+--------+--------+--------+-----+--------+
         Total |  10019 |   9637 |    382 |   4482 |   3482 |   9 | 1113.2 |
       Dungeon |   9228 |   8903 |    325 |   3934 |   3321 |   8 | 1153.5 |
        Temple |    790 |    733 |     57 |    547 |    161 |   1 |  790.0 |
               +--------+--------+--------+--------+--------+-----+--------+

Top non-repeatable levels by time:
     D:6: 1956 daAuts
     D:5: 1374 daAuts
     D:7: 1322 daAuts
     D:2: 1077 daAuts
     D:3: 916 daAuts
     D:8: 901 daAuts
     D:4: 845 daAuts
     D:1: 834 daAuts
  Temple: 790 daAuts
